 Seeded DCSS version 0.27.1-4-g1640c2035a (webtiles) character file.

Game seed: 20211110 (custom seed)

44 jessy the Skirmisher (level 3, -6/30 HPs)
             Began as a Demonspawn Berserker on Nov 10, 2021.
             Was a Believer of Trog.
             Killed from afar by Sigmund (8 damage)
             ... with a puff of flame
             ... on level 2 of the Dungeon on Nov 17, 2021.
             The game lasted 00:07:33 (1604 turns).

jessy the Skirmisher (Demonspawn Berserker)         Turns: 1604, Time: 00:07:33

Health: -6/30      AC:  8    Str: 18    XL:     3   Next: 41%
Magic:  3/3        EV:  7    Int:  8    God:    Trog [**....]
Gold:   23         SH:  0    Dex: 12    Spells: 2/2 levels left

rFire    . . .     SeeInvis .   a - +0 mace
rCold    . . .     Faith    .   (no shield)
rNeg     . . .     Spirit   .   d - +0 chain mail
rPois    .         Reflect  .   (no helmet)
rElec    .         Harm     .   (no cloak)
rCorr    .         Rampage  .   (no gloves)
Will     .....                  (no boots)
Stlth    ..........             (no amulet)
HPRegen  0.10/turn              (no ring)
MPRegen  0.08/turn              (no ring)

@: confused
A: condensation shield
a: Renounce Religion, Berserk, Trog's Hand


You were on level 2 of the Dungeon.
You worshipped Trog.
Trog was pleased with you.
You visited 1 branch of the dungeon, and saw 2 of its levels.

You collected 23 gold pieces.

Inventory:

Hand Weapons
 a - a +0 mace (weapon)
 c - a +0 hand axe
 f - a +2 dagger of draining
Missiles
 e - 55 stones (quivered)
Armour
 b - a +0 animal skin
 d - a +0 chain mail (worn)
 m - a +0 barding
Scrolls
 j - a scroll of vulnerability {unknown}
 l - a scroll of blinking {unknown}
Potions
 g - a potion of flight {unknown}
 h - 2 potions of heal wounds {unknown}
 i - a potion of berserk rage {unknown}
 k - 2 potions of haste {unknown}
 n - a potion of mutation {unknown}


   Skills:
 + Level 3.7 Fighting
 + Level 3.1 Maces & Flails
 + Level 2.1 Armour
 + Level 2.1 Dodging


You had 2 spell levels left.
You didn't know any spells.
Your spell library contained the following spells:

 Spells                   Type           Power      Damage    Failure   Level
 Corpse Rot               Necr/Air       N/A        N/A       100%        2
 Poisonous Vapours        Pois/Air       0%         N/A       100%        2
 Swiftness                Air            0%         N/A       100%        3
 Storm Form               Tmut/Air       0%         N/A       100%        7


Dungeon Overview and Level Annotations

Branches:
Dungeon (2/15)

Altars:

Annotations:
D:2 Sigmund


Innate Abilities, Weirdness & Mutations

A meltable shield of frost defends you. (SH +0)


Message History

You block the bat's attack. The bat hits you but does no damage.
The bat hits you but does no damage. The bat hits you but does no damage.
Sigmund shouts!
The bat hits you but does no damage.
You hit the bat.
You kill the bat!
Trog accepts your kill.
There is a stone staircase leading up here.
You see here a +0 short sword.
You block Sigmund's attack.
You hit Sigmund.
Sigmund is lightly wounded.
Sigmund gestures at you while chanting. The puff of flame misses you.
You hit Sigmund.
Sigmund is moderately wounded.
Sigmund casts a spell.
Sigmund flickers and vanishes!
Deactivating autopickup; reactivate with Ctrl-A.
You closely miss something. Something hits you.
You miss something. Something hits you.
You miss something. You block something's attack.
You hit something. You closely miss something. Something hits you.
Unknown command.
You hit something but do no damage. Something hits you!
* * * LOW HITPOINT WARNING * * *
You closely miss something. Something hits you!
* * * LOW HITPOINT WARNING * * *
Your chain mail prevents you from hitting something.
You hear some strange, mumbled words.
You are confused.
You miss something.
You hear some strange, mumbled words.
A puff of flame appears from out of thin air!
The puff of flame hits you!
Your condensation shield dissipates!
You die...

#... ..# #..##.. ..
##..... #. #..... # #..
#..#.##.#.## #..
#..#.......# #...
##.†.<......#
###...#####............
........{@<.....$......
.......................
............##.!.......
###.<.#####.......#....
#... ####....#...# #...
#..### ..# #.. .>. #..
.. ..


There were no monsters in sight!

Vanquished Creatures
  A worm (D:2)
  3 dart slugs (D:1)
  An endoplasm (D:1)
  A giant cockroach (D:1)
  4 goblins (D:1)
  4 hobgoblins (D:1)
  3 quokkas (D:1)
  6 ball pythons
  4 bats
  A frilled lizard (D:1)
  5 kobolds
  4 rats
37 creatures vanquished.

Notes
Turn   | Place    | Note
-------+----------+-------------------------------------------
     0 | D:1      | jessy the Demonspawn Berserker began the quest for the Orb.
     0 | D:1      | Reached XP level 1. HP: 18/18 MP: 1/1
   207 | D:1      | Gained mutation: A meltable shield of frost defends you.
                  | (SH +0) [demonic ancestry]
   207 | D:1      | Reached XP level 2. HP: 14/24 MP: 2/2
   435 | D:1      | Found a faded altar of an unknown god.
   475 | D:1      | Got Ratruif's Almanac of the Birds
  1062 | D:1      | Reached ** piety under Trog
  1063 | D:1      | Reached XP level 3. HP: 29/29 MP: 3/3
  1340 | D:2      | Noticed Sigmund
  1602 | D:2      | HP: 1/30 [something (7)]
  1604 | D:2      | Killed from afar by Sigmund

Illustrated notes

Levels and vault maps discovered:
D:1:      dpeg_chamrin_arrival_tetris, layout_basic,
          dreamdust_ecumenical_altar_statues, minmay_close_crescents
D:2:      layout_loops_cross, serial_shops, nicolae_lakefront_shop, uniq_sigmund

Skill      XL: |  1  2 |
---------------+-------+-----
Maces & Flails | 3 |  3.1
Armour         | 2 |  2.1
Dodging        | 2 |  2.1
Fighting       | |  3.7

Action                   || total
-------------------------++-------
Melee: Mace              ||   114
Armor: Animal skin       ||     2
       Chain mail        ||   121
Dodge: Dodged            ||    61
Block: Other             ||    35
